 Dungeon Crawl Stone Soup version 0.32-a0-818-gb728d0252e (webtiles) character file.

Game seed: 1563831260742211066

26 Ajdolov the Trooper (level 2, -12/27 HPs)
             Began as an Armataur Monk on Mar 24, 2024.
             Mangled by Sigmund
             ... wielding a +2 heavy scythe
              (22 damage)
             ... on level 2 of the Dungeon.
             The game lasted 00:01:28 (1032 turns).

Ajdolov the Trooper (Armataur Monk)                 Turns: 1032, Time: 00:01:29

Health: -12/27     AC:  4    Str: 16    XL:     2   Next: 89%
Magic:  2/2        EV:  9    Int: 10    God:
Gold:   103        SH:  0    Dex: 12    Spells: 1/1 levels left

rFire   . . .        a - +0 mace
rCold   . . .        d - orb {light}
rNeg    . . .        b - +0 robe
rPois   .            (no helmet)
rElec   .            (no cloak)
rCorr   .            (no gloves)
SInv    .            (no barding)
Will    .....        (no amulet)
Stlth   +            (no ring)
HPRegen 0.24/turn    (no ring)
MPRegen 0.08/turn

%: roll
@: confused, glowing
A: large, deformed body, tough skin 3, armoured tail, rollpage 1
a: no special abilities


You were on level 2 of the Dungeon.
You visited 1 branch of the dungeon, and saw 2 of its levels.

You collected 103 gold pieces.

Inventory:

Hand Weapons
 a - a +0 mace (weapon)
Armour
 b - a +0 robe (worn)
 d - an orb of light (worn)
Scrolls
 e - a scroll of teleportation {unknown}
 f - a scroll of identify {unknown}
 g - a scroll of torment {unknown}
Potions
 c - a potion of ambrosia
 h - a potion of heal wounds {unknown}
 i - a potion of attraction {unknown}
 j - a potion of curing {unknown}


   Skills:
 * Level 3.8 Fighting
 - Level 2.6 Maces & Flails
 - Level 2.1 Dodging


You had one spell level left.
You didn't know any spells.
Your spell library contained the following spells:

 Spells                   Type           Power      Damage    Failure   Level
 Leda's Liquefaction      Alch/Erth      0%         N/A       98%         4
 Petrify                  Alch/Erth      0%         N/A       98%         4
 Metabolic Englaciation   Hex/Ice        0%         N/A       100%        5


Dungeon Overview and Level Annotations

Branches:
Dungeon (2/15)

Altars:
Xom

Annotations:
D:2 Sigmund


Innate Abilities, Weirdness & Mutations

Armour fits poorly on your strangely shaped body.
You have extremely tough skin. (AC +3)
You have a long armoured tail.
You regenerate magic when rolling toward enemies. (Rampage MPRegen)


Message History

You feel less confused.
Sigmund hits you from afar with a +2 heavy scythe!
Ouch! That really hurt!
Okay, then.
Sigmund casts a spell.
Sigmund flickers and vanishes!
Deactivating autopickup; reactivate with Ctrl-A.
Something tries to affect you, but you resist.
A magic dart appears from out of thin air!
The magic dart hits you but does no damage.
You are confused.
You bump into the rock wall.
You bump into the rock wall.
You bump into the rock wall.
You're too confused to move!
You bump into the rock wall.
You feel less confused. Sigmund attacks as he pursues you!
Sigmund completely misses you.
You see here a rat corpse.
Something tries to affect you, but you resist.
A puff of flame appears from out of thin air!
The puff of flame hits you!
* * * LOW HITPOINT WARNING * * *
You are confused.
You bump into the rock wall.
You bump into the rock wall.
You bump into the rock wall.
You are more confused.
You are more confused.
You bump into the rock wall.
You're too confused to move!
You bump into the rock wall.
Reactivating autopickup.
Sigmund appears from thin air!
You bump into the rock wall.
You bump into the rock wall.
Sigmund hits you from afar with a +2 heavy scythe!!
Ouch! That really hurt!
You die...
Sigmund begins carving another notch in his scythe.

##.............. #.
..........#.#.#### ########### #.
##...........# #.. .........# #.
............# #.# #.......# #.
##)........# #.# ##......# #.
#.........# #.# #..._..# #.
########..# #.# ##......####.
#########..#####.####.......†...#
......<.........@.@...####.####.#
#.########..####.###### #.# #.#
#.## #..# #.# #.# ##.# ...####
#..# #.# #.# #... ......# #..#
#.# #.# #..# †..##.# #..# #.# #.#
#... #.###.# #..# #.. ..# #..#
#.# #.# #..# ### ##.## ..###.##
#..# #.##


You could see Sigmund.

Vanquished Creatures
  A dart slug (D:1)
  3 giant cockroaches
  A goblin (D:1)
  3 hobgoblins
  3 kobolds
  5 bats
  5 frilled lizards
  5 rats
26 creatures vanquished.

Notes
Turn   | Place    | Note
-------+----------+-------------------------------------------
     0 | D:1      | Ajdolov the Armataur Monk began the quest for the Orb.
     0 | D:1      | Reached XP level 1. HP: 18/18 MP: 1/1
    51 | D:1      | Reached skill level 3 in Fighting
   227 | D:1      | Reached XP level 2. HP: 26/26 MP: 2/2
   839 | D:2      | Found a faded altar of an unknown god.
   920 | D:2      | Found a shimmering altar of Xom.
   977 | D:2      | Noticed Sigmund
  1032 | D:2      | Mangled by Sigmund

Illustrated notes

Levels and vault maps discovered:
D:1:      lightli_arrival_windingriver, layout_basic, minmay_tiny_reverse_x
D:2:      layout_loops_ring, ebering_ecumenical_altar_abandoned, basic_altar,
          uniq_sigmund

Skill      XL: |  1 |
---------------+----+-----
Fighting       | 3 |  3.8
Maces & Flails | |  2.6
Dodging        | |  2.1

Action                     || total
---------------------------++-------
  Melee: Mace              ||    51
         Tailslap          ||     4
 Armour: Robe              ||    42
  Dodge: Dodged            ||    27

Table legend: (Time is in decaauts)
 A = Elapsed time spent in this place.
 B = Non-inter-level travel time spent in this place.
 C = Inter-level travel time spent in this place.
 D = Time resting spent in this place.
 E = Time spent auto-exploring this place.
 F = Levels seen in this place.
 G = Mean time per level.
                   A        B        C        D        E       F      G
               +--------+--------+--------+--------+--------+-----+--------+
         Total |   1045 |    988 |     57 |      0 |    810 |   2 |  522.5 |
       Dungeon |   1045 |    988 |     57 |      0 |    810 |   2 |  522.5 |
               +--------+--------+--------+--------+--------+-----+--------+

Top non-repeatable levels by time:
     D:1: 817 daAuts
     D:2: 228 daAuts
